 Dungeon Crawl Stone Soup version 0.28-a0-413-gde365fb1df (webtiles) character file.

Game seed: 5700532125859422655

1 Decipherer the Cudgeller (level 1, -2/20 HPs)
             Began as a Minotaur Berserker on Sept 7, 2021.
             Was a Follower of Trog.
             Succumbed to a goblin's poison
             ... on level 1 of the Dungeon.
             The game lasted 00:00:14 (93 turns).

Decipherer the Cudgeller (Minotaur Berserker)         Turns: 93, Time: 00:00:15

Health: -2/20      AC:  2    Str: 21    XL:     1   Next: 16%
Magic:  0/0        EV: 12    Int:  4    God:    Trog [*.....]
Gold:   0          SH:  0    Dex:  9    Spells: 0/0 levels left

rFire   . . .      SeeInvis .   a - +0 mace
rCold   . . .      Faith    .   (no shield)
rNeg    . . .      Spirit   .   b - +0 animal skin
rPois   .          Reflect  .   (helmet restricted)
rElec   .          Harm     .   (no cloak)
rCorr   .          Rampage  .   (no gloves)
Will    .....                   (no boots)
Stlth   +.........              (no amulet)
HPRegen 0.06/turn               (no ring)
MPRegen 0.07/turn               (no ring)

@: lethally poisoned (-2 -> -12), on berserk cooldown, slowed, very slow
A: horns 2, retaliatory headbutt
a: Renounce Religion, Berserk


You were on level 1 of the Dungeon.
You worshipped Trog.
Trog was aware of your devotion.
You visited 1 branch of the dungeon, and saw 1 of its levels.

Inventory:

Hand Weapons
 a - a +0 mace (weapon)
Armour
 b - a +0 animal skin (worn)


   Skills:
 + Level 3.6 Fighting
 + Level 3.6 Maces & Flails
 + Level 2.4 Armour
 + Level 2.2 Dodging


You couldn't memorise any spells.
You didn't know any spells.
Your spell library was empty.

Dungeon Overview and Level Annotations

Branches:
Dungeon (1/15)

Altars:

Shops:
D:1 :


Innate Abilities, Weirdness & Mutations

You have a pair of horns on your head.
You reflexively headbutt those who attack you in melee.


Message History

Unknown command.
There is a lethal amount of poison in your body!
You are too injured to fight recklessly!
Unknown command.
There is a lethal amount of poison in your body!
You are too injured to fight recklessly!
Unknown command.
There is a lethal amount of poison in your body!
You are too injured to fight recklessly!
Unknown command.
A red film seems to cover your vision as you go berserk!
You feel yourself moving faster!
You feel mighty!
You feel very sick. The goblin hits you but does no damage.
You are lethally poisoned!
You thump the goblin!
You kill the goblin!
Trog accepts your kill.
You feel very sick.
* * * LOW HITPOINT WARNING * * *
You feel very sick.
Things that are here:
a +0 dagger of venom; a goblin corpse You feel a strong urge to attack something.
* * * LOW HITPOINT WARNING * * *
You feel sick.
* * * LOW HITPOINT WARNING * * *
You feel sick.
Things that are here:
a +0 dagger of venom; a goblin corpse You feel your anger nearly subside.
You are no longer berserk.
You are exhausted.
You feel yourself slow down.
* * * LOW HITPOINT WARNING * * *
You feel sick.
You aren't carrying any potions.
As you read the scroll labelled AJEUHEXEIG, it crumbles to dust.
You hear a loud clanging noise!
It was a scroll of noise.
You die...

........#
.......###
........# .
.....(.# ...
......# #.# #.#...#
#
#.###.#...##.#####
#.......@)........
#.....#...#.......
#.##.)#...........
##.##..#.###.######
## #......#.# .# ..
#..##.##.# .# #.#
#..##.##.# .#
...#####..##.##.#
.# .............#


There were no monsters in sight!

Vanquished Creatures
  A goblin (D:1)
1 creature vanquished.

Notes
Turn   | Place    | Note
-------+----------+-------------------------------------------
     0 | D:1      | Decipherer the Minotaur Berserker began the quest for the
                  | Orb.
     0 | D:1      | Reached XP level 1. HP: 19/19 MP: 0/0
    25 | D:1      | Found Tuasoy's Book Shop.
    92 | D:1      | HP: 1/20 [poisoned by a goblin]
    93 | D:1      | Succumbed to a goblin's poison

Illustrated notes

Levels and vault maps discovered:
D:1:      dpeg_arrival_rooms_with_view, layout_loops_ring, serial_shops, shop,
          nicolae_shop_waterfront, nicolae_shop_stone, shop,
          nicolae_lakefront_shop, lemuel_flame_loot_1

Action                   || total
-------------------------++-------
Melee: Mace              ||     6
Invok: Berserk           ||     1
  Use: Scroll            ||     1
Armor: Animal skin       ||     2
Dodge: Dodged            ||     1

Table legend: (Time is in decaauts)
 A = Elapsed time spent in this place.
 B = Non-inter-level travel time spent in this place.
 C = Inter-level travel time spent in this place.
 D = Time resting spent in this place.
 E = Time spent auto-exploring this place.
 F = Levels seen in this place.
 G = Mean time per level.
                   A        B        C        D        E       F      G
               +--------+--------+--------+--------+--------+-----+--------+
         Total |     92 |     92 |      0 |      0 |     73 |   1 |   92.0 |
       Dungeon |     92 |     92 |      0 |      0 |     73 |   1 |   92.0 |
               +--------+--------+--------+--------+--------+-----+--------+

Top non-repeatable levels by time:
     D:1: 92 daAuts
